Unix NetHack Version 3.7.0-53 Work-in-progress - last build Apr 1 2022 12:02:44 (7e311aa8f678825fd515f266b121b8a7a7199ace,branch:master). Game began 2022-04-03 23:11:43, ended 2022-04-04 00:28:39. lew, chaotic male human Wizard ? $ -------- --------------- $ |......| |.............| $ ------------ ##.......| $ #-.............| |..........| ######(#### |....<.| $ #|.............-# $ |..........| ------# -----|-- #|.............|# $ |..........-######.....|# $ #### #--------.------ |..........|######|..[.|# # $ # # --------|---# #|.....# # $ ## # #### #-....|## # # $ ### $ # |&@(.|## ( # # #) ------####### # -----## ---|------------ $ ### $ # -|-.-- |)..|# |..............| #### ## |....| |...|# $ |............[.| --|------- $ $ ###.....| |...-# |..............-## |........| |....| |(.$| |..............| ####-.......$| $ ------ ----- ---------------- |.....[..| $ |......))| $ ---------- Lew the Thaumaturge St:13 Dx:13 Co:16 In:18 Wi:12 Ch:10 Chaotic Dlvl:5 $:65 HP:0(58) Pw:3(63) AC:6 Xp:7/658 T:5349 Latest messages: Where do you want to jump? (For instructions type a '?') In what direction? The dagger misses the vrock. Where do you want to jump? (For instructions type a '?') What do you want to drink? [gt or ?*] You feel better. Where do you want to jump? (For instructions type a '?') N - an uncursed dagger (at the ready). Percy picks up a saddle. Where do you want to jump? (For instructions type a '?') Where do you want to jump? (For instructions type a '?') Where do you want to jump? (For instructions type a '?') Pick an object. You miss the vrock. The vrock hits! The vrock hits! The vrock hits! The vrock hits! The vrock bites! Where do you want to jump? (For instructions type a '?') You hear someone counting gold coins. Where do you want to jump? (For instructions type a '?') Where do you want to jump? (For instructions type a '?') Percy drops a saddle. You climb up the stairs. The vrock hits! The vrock hits! The vrock hits! The vrock hits! The vrock bites! Are you sure you want to pray? [yn] (n) You begin praying to Anhur. The vrock hits! The vrock hits! The vrock hits! You die... Do you want your possessions identified? [ynq] (y) Do you want to see your attributes? [ynq] (y) Do you want an account of creatures vanquished? [ynaq] (y) Do you want to see your conduct and achievements? [ynq] (y) Do you want to see the dungeon overview? [ynq] (y) Major events: Turn 1: lew the chaotic male human Wizard entered the dungeon 1655: attained the rank of Conjurer (level 3) 1960: entered the Gnomish Mines 3431: reached Mine Town 3501: attained the rank of Thaumaturge (level 6) 5349: killed by a vrock, while praying Inventory: Coins $ - 65 gold pieces Amulets q - an uncursed amulet of unchanging (being worn) Weapons N - 2 +0 daggers (at the ready) F - a +0 elven dagger (weapon in hand) a - a blessed +1 quarterstaff Armor P - an uncursed +0 dwarvish iron helm (being worn) n - an uncursed +0 pair of jumping boots (being worn) b - an uncursed +0 cloak of magic resistance (being worn) Comestibles I - 4 uncursed food rations K - an uncursed tin of soup made from water nymph meat Scrolls w - an uncursed scroll of enchant armor J - an uncursed scroll of scare monster Potions t - an uncursed potion of see invisible Rings e - an uncursed ring of cold resistance d - an uncursed ring of see invisible (on left hand) Tools T - an uncursed wooden flute X - an uncursed blindfold z - an uncursed lock pick c - an uncursed magic lamp (lit) h - an uncursed tallow candle D - an uncursed tin opener Lew the Wizard's attributes: Background: You were a Thaumaturge, a level 7 male human Wizard. You were chaotic, on a mission for Anhur who was opposed by Ptah (lawful) and Thoth (neutral). You were in the Dungeons of Doom, on level 5. You entered the dungeon 5349 turns ago. It was the midnight hour. There was a new moon in effect when your adventure ended. You had 658 experience points, 622 more were needed to attain level 8. Basics: You had 0 out of 58 hit points. You had 3 out of 63 energy points (spell power). Your armor class was 6. Your wallet contained 65 zorkmids. Autopickup was on for '$!?' plus thrown. Final Characteristics: Your strength was 13 (limit:18/100). Your dexterity was 13 (limit:18). Your constitution was 16 (limit:18). Your intelligence was 18 (limit:18). Your wisdom was 12 (limit:18). Your charisma was 10 (limit:18). Final Status: You were not hungry. You were unencumbered. You were wielding a dagger. You were unskilled in dagger. Final Attributes: You were piously aligned. You were magic-protected. You saw invisible. You were telepathic. You could jump. You were warded. You could not change from your current form. You were unlucky. You are dead. Miscellaneous: You encountered 1 bones level. Total elapsed playing time was 1 hour, 8 minutes and 45 seconds. Vanquished creatures: 2 small mimics a horse a dog a dust vortex a plains centaur a gnome mummy 2 wood nymphs a mountain nymph 2 Uruk-hai a rock piercer 2 rock moles a shrieker 3 gnome leaders 2 gnomish wizards a kobold mummy an elf zombie 2 giant ants a floating eye a kitten 5 dwarves 4 rothes an orc zombie 4 dwarf zombies a wererat 2 iguanas 2 acid blobs a coyote a gas spore 3 hobbits a hobgoblin 4 giant rats 2 cave spiders 14 gnomes 3 garter snakes 2 geckos 8 jackals a kobold 2 goblins a sewer rat 6 grid bugs 5 lichens 9 newts 109 creatures vanquished. No species were genocided or became extinct. Voluntary challenges: You read items or engraved 5 times. You never engraved Elbereth. You never genocided any monsters. You never polymorphed an object. You never changed form. You used no wishes. Achievements: You entered a shop. You attained the rank of Conjurer. You entered the Gnomish Mines. You entered Minetown. You attained the rank of Thaumaturge. You entered a temple. The Dungeons of Doom: levels 1 to 6 Level 1: "vault" Some fountains. Level 2: A general store. Level 3: "vault" A bookstore, a fountain, a grave. Level 4: "stash+vault" A fountain. Stairs down to The Gnomish Mines. Level 5: <- You were here. A general store. Final resting place for you, killed by a vrock, while praying. Level 6: Final resting place for nurdglaw-Kni-Hum-Mal-Law, killed by a vrock. The Gnomish Mines: levels 5 to 7 Level 5: Level 6: Level 7: Some shops, a temple, some fountains. Game over: ---------- / \ / REST \ / IN \ / PEACE \ / \ | lew | | 65 Au | | killed by a | | vrock | | | | | | 2022 | *| * * * | * _________)/\\_//(\/(/\)/\//\/|_)_______ Goodbye lew the Wizard... You died in The Dungeons of Doom on dungeon level 5 with 3001 points, and 65 pieces of gold, after 5349 moves. You were level 7 with a maximum of 58 hit points when you died.